Coutelas vs Ice Dragons

Created - December 7, 2020 at 19:13

Goals
1 2 3 T
Coutelas 2 0 1 3
Ice Dragons 1 3 1 5
Shots
1 2 3 T
Coutelas 14 13 10 37
Ice Dragons 11 11 12 34

1st period

1. Coutelas , Tanner Richard 7 (Dustin Kohn 23) at 8:33
2. Ice Dragons , Billy Sweat 15 (Kevin Connauton 18) at 9:34
3. Coutelas , Mikhail Grigorenko 4 (Dustin Kohn 24) at 14:57

Penalties :
Ben Harpur (MDÉ) for Interference (Minor) at 9:37

2nd period

4. Ice Dragons , Justin Shugg 3 (Emil Pettersson 14) at 0:46
5. Ice Dragons , Brandon Kozun 9 (Sam Carrick 10) at 2:46 (PP)
6. Ice Dragons , Billy Sweat 16 (Samuel Groulx 5, Sam Carrick 11) at 17:11

Penalties :
Rhett Rakhshani (MDÉ) for Interference (Minor) at 2:45, Dustin Kohn (MDÉ) for Hooking (Minor) at 5:18, Tanner Richard (MDÉ) for Interference (Minor) at 9:23, Brandon Kozun (Kin) for Interference (Minor) at 18:31

3rd period

7. Ice Dragons , Billy Sweat 17 (Emil Pettersson 15) at 2:45 (PP)
8. Coutelas , Juraj Mikus 9 (Rhett Rakhshani 4) at 4:36 (PP)

Penalties :
Duncan Siemens (MDÉ) for Roughing (Minor) at 1:56, Alex Plante (Kin) for Tripping (Minor) at 4:02, Dustin Kohn (MDÉ) for Delaying the game (Minor) at 4:55, Logan MacMillan (Kin) for Cross-checking (Minor) at 16:41

Goalie Stats

Joe Cannata (MDÉ), 29 saves from 34 shots - (0.853), L, 8-6-1, 60:00 minutes
Chet Pickard (Kin), 34 saves from 37 shots - (0.919), W, 7-7-1, 60:00 minutes

Players Stats for Coutelas

Player Name              G  A  P  +/- PIM S  H  SB GA TA FO     MP     PP MP  PK MP  
------------------------------------------------------------------------------------
Ben Harpur               0  0  0   1  2   1  1  2  1  0  0/0    23:14   2:38   4:25 
Brendan Lemieux          0  0  0  -2  0   2  1  0  1  0  0/0    16:35   1:42   2:08 
Calle Andersson          0  0  0   0  0   0  0  0  0  0  0/0     6:17   0:00   0:00 
Colin White              0  0  0   0  0   0  0  0  0  0  0/0     1:51   0:12   0:24 
Duncan Siemens           0  0  0  -1  2   0  1  0  0  0  0/0    12:28   0:00   1:35 
Dustin Kohn              0  2  2   1  4   4  3  0  0  2  0/0    22:24   2:38   2:53 
Julius Honka             0  0  0   0  0   0  0  0  0  0  0/0     6:17   0:00   0:00 
Juraj Mikus              1  0  1  -2  0   2  2  0  0  0  6/13   16:35   1:42   2:08 
Kurtis Gabriel           0  0  0  -1  0   0  0  0  0  0  0/0    10:55   0:00   0:00 
Mattias Janmark          0  0  0  -1  0   1  1  0  1  0  1/1    10:51   0:00   0:00 
Mike Amadio              0  0  0  -1  0   1  0  1  0  0  2/6    10:51   0:00   0:00 
Mike Reilly              0  0  0  -1  0   2  0  1  0  1  0/0    17:57   1:54   2:56 
Mikhail Grigorenko       1  0  1   1  0   1  1  0  0  0  1/2     7:13   0:00   0:48 
Myles Bell               0  0  0   1  0   4  1  0  0  0  0/0     7:38   0:00   0:18 
Nick Mattson             0  0  0  -1  0   2  2  0  0  1  0/0    17:57   1:54   2:56 
Nick Paul                0  0  0   0  0   0  0  0  0  0  0/0     0:41   0:12   0:00 
Nikita Scherbak          0  0  0   1  0   0  1  0  0  0  0/0     6:25   0:00   0:00 
Oliver Bjorkstrand       0  0  0   1  0   2  1  1  1  0  1/1    17:31   2:38   0:00 
Patrick Russell          0  0  0   0  0   0  0  0  0  0  0/1     2:36   0:00   1:52 
Patrick Sieloff          0  0  0  -1  0   0  0  0  0  1  0/0     7:47   0:00   2:02 
Rhett Rakhshani          0  1  1  -2  2   0  1  1  0  0  0/1    14:26   1:42   0:00 
Ross Johnston            0  0  0   0  0   0  0  0  0  0  0/0     1:32   0:00   1:31 
Tanner Richard           1  0  1   1  2   10 2  0  0  0  18/42  22:37   2:38   3:40 
Teemu Pulkkinen          0  0  0   1  0   5  1  0  0  0  1/1    22:22   2:50   4:43 
Zach Whitecloud          0  0  0   0  0   0  0  0  0  0  0/0     6:08   0:00   0:45 

Players Stats for Ice Dragons

Player Name              G  A  P  +/- PIM S  H  SB GA TA FO     MP     PP MP  PK MP  
------------------------------------------------------------------------------------
Adam Clendening          0  0  0   2  0   0  0  0  0  0  0/0     9:06   1:59   0:00 
Alex Plante              0  0  0   2  2   2  2  1  0  0  0/0    20:20   3:45   1:39 
Billy Sweat              3  0  3   2  0   4  1  0  1  0  1/1    20:01   4:04   3:00 
Brandon Kozun            1  0  1  -1  2   6  2  0  0  1  1/1    21:11   4:42   0:34 
Chris Wagner             0  0  0   0  0   2  1  0  1  1  0/0    11:56   0:00   0:00 
Corban Knight            0  0  0   0  0   0  0  0  0  0  0/0     1:28   0:00   0:24 
David Shields            0  0  0   0  0   2  1  0  1  1  0/0    17:32   1:46   0:33 
Emil Pettersson          0  2  2   2  0   2  1  1  0  0  7/13   16:53   4:04   0:00 
Jerome Gauthier-Leduc    0  0  0   0  0   1  0  0  0  0  0/0    13:35   0:00   1:06 
Jordan LaVallee          0  0  0  -1  0   2  5  1  0  0  7/11   27:35   4:42   2:31 
Juho Lammikko            0  0  0   0  0   0  2  0  0  0  0/0     6:27   0:00   0:00 
Justin Shugg             1  0  1   2  0   3  1  0  0  0  0/1    16:53   4:04   0:00 
Kevin Connauton          0  1  1  -1  0   2  1  2  0  0  0/0    28:57   5:01   2:53 
Logan MacMillan          0  0  0   0  2   4  1  0  0  1  1/1    12:01   0:00   0:00 
Phil Di Giuseppe         0  0  0   0  0   0  0  0  0  0  0/0     2:12   0:00   0:34 
Sam Carrick              0  2  2  -1  0   2  3  0  1  0  16/30  20:46   4:42   0:42 
Samuel Groulx            0  1  1  -1  0   1  0  2  1  0  0/0    28:50   5:01   2:53 
Theodor Blueger          0  0  0   0  0   1  1  0  0  0  5/10   11:56   0:00   0:00 
William Carrier          0  0  0   0  0   0  1  0  0  0  0/0     7:46   0:00   1:19 

3 Stars

1 - Billy Sweat (Kin)
2 - Emil Pettersson (Kin)
3 - Justin Shugg (Kin)

Power Play

Coutelas - 1 on 3 Attempt(s) - 33.33%
Ice Dragons - 2 on 6 Attempt(s) - 33.33%

Penalty Kill

Coutelas - 4 on 6 Attempt(s) - 66.67% - Score 0 goal in Penalty Kill
Ice Dragons - 2 on 3 Attempt(s) - 66.67% - Score 0 goal in Penalty Kill

Team Stat

Coutelas - Hits : 19 - Faceoff Wins : 30 - Blocked Shots : 6 - Penalty Minutes : 12
Ice Dragons - Hits : 23 - Faceoff Wins : 38 - Blocked Shots : 7 - Penalty Minutes : 6

Official

Referees : Unknown
Linesman : Unknown

Game Notes

Adam Clendening is injured at 9:08 of 2nd period (Left Forearm)
Patrick Sieloff is injured at 13:45 of 2nd period (Back Spasms)
Billy Sweat has scored a Hat Trick!

Finance

Level 1 -- Attendance: 1414 (70.70%) -- Ticket Income $56,560
Level 2 -- Attendance: 633 (63.30%) -- Ticket Income $12,660
Total Attendance: 2047 (68.23%)
Total Ticket Income: $69,220
Other Income: $3,461
Total Income: $72,681

Coutelas

5 vs 5 Forward 
   Center                   Left Wing                Right Wing               Time % Phy DF OF 
 1 Tanner Richard           Teemu Pulkkinen          Oliver Bjorkstrand       40     1   2  2  
 2 Juraj Mikus              Brendan Lemieux          Rhett Rakhshani          30     1   2  2  
 3 Mike Amadio              Mattias Janmark          Kurtis Gabriel           20     1   2  2  
 4 Mikhail Grigorenko       Myles Bell               Nikita Scherbak          10     1   2  2  

5 vs 5 Defense 
   Defense                  Defense                                           Time % Phy DF OF 
 1 Dustin Kohn              Ben Harpur                                        40     1   2  2  
 2 Nick Mattson             Mike Reilly                                       30     1   2  2  
 3 Patrick Sieloff          Duncan Siemens                                    20     1   2  2  
 4 Julius Honka             Calle Andersson                                   10     1   2  2  

PowerPlay Forward 
   Center                   Left Wing                Right Wing               Time % Phy DF OF 
 1 Tanner Richard           Teemu Pulkkinen          Oliver Bjorkstrand       60     1   2  2  
 2 Juraj Mikus              Brendan Lemieux          Rhett Rakhshani          40     1   2  2  

PowerPlay Defense
   Defense                  Defense                                           Time % Phy DF OF 
 1 Dustin Kohn              Ben Harpur                                        60     1   2  2  
 2 Nick Mattson             Mike Reilly                                       40     1   2  2  

Penalty Kill 4 Players Forward 
   Center                   Wing                     Time % Phy DF OF 
 1 Tanner Richard           Teemu Pulkkinen          60     1   2  2  
 2 Juraj Mikus              Brendan Lemieux          40     1   2  2  

Penalty Kill 4 Players Defense
   Defense                  Defense                  Time % Phy DF OF 
 1 Dustin Kohn              Ben Harpur               60     1   2  2  
 2 Nick Mattson             Mike Reilly              40     1   2  2  

Penalty Kill - 3 Players Forward 
   Forward                                           Time % Phy DF OF 
 1 Tanner Richard                                    60     1   2  2  
 2 Teemu Pulkkinen                                   40     1   2  2  

Penalty Kill - 3 Players Defense
   Defense                  Defense                  Time % Phy DF OF 
 1 Dustin Kohn              Ben Harpur               60     1   2  2  
 2 Nick Mattson             Mike Reilly              40     1   2  2  

4 vs 4 Forward 
   Center                   Wing                     Time % Phy DF OF 
 1 Tanner Richard           Teemu Pulkkinen          60     1   2  2  
 2 Juraj Mikus              Brendan Lemieux          40     1   2  2  

4 vs 4 Defense
   Defense                  Defense                  Time % Phy DF OF 
 1 Dustin Kohn              Ben Harpur               60     1   2  2  
 2 Nick Mattson             Mike Reilly              40     1   2  2  

Last Minutes Offensive
   Center                   Left Wing                Right Wing               Defense                  Defense                  
   Tanner Richard           Teemu Pulkkinen          Oliver Bjorkstrand       Dustin Kohn              Ben Harpur               

Last Minutes Defensive
   Center                   Left Wing                Right Wing               Defense                  Defense                  
   Tanner Richard           Teemu Pulkkinen          Oliver Bjorkstrand       Dustin Kohn              Ben Harpur               

Goaltenders
Starting : Joe Cannata              
Backup : Ilya Samsonov            

Extra Forwards
Normal : Nick Paul, Colin White, Patrick Russell - PP : Nick Paul, Colin White - PK : Patrick Russell
Extra Defensemen
Normal : Zach Whitecloud, Patrick Sieloff, Duncan Siemens - PP : Zach Whitecloud - PK : Patrick Sieloff, Duncan Siemens
Penalty Shots
Tanner Richard, Teemu Pulkkinen, Juraj Mikus, Brendan Lemieux, Mike Amadio

Scratches
Stefan Ruzicka (Sprained Left Finger Injury), Clark Bishop (Healthy), JJ. Piccinich (Healthy), Michael Giugovaz (Healthy)

Ice Dragons

5 vs 5 Forward 
   Center                   Left Wing                Right Wing               Time % Phy DF OF 
 1 Sam Carrick              Jordan LaVallee          Brandon Kozun            40     1   2  2  
 2 Emil Pettersson          Billy Sweat              Justin Shugg             30     1   2  2  
 3 Theodor Blueger          Logan MacMillan          Chris Wagner             20     1   2  2  
 4 Jordan LaVallee          William Carrier          Juho Lammikko            10     1   2  2  

5 vs 5 Defense 
   Defense                  Defense                                           Time % Phy DF OF 
 1 Kevin Connauton          Samuel Groulx                                     40     1   2  2  
 2 Adam Clendening          Alex Plante                                       30     1   2  2  
 3 David Shields            Jerome Gauthier-Leduc                             20     1   2  2  
 4 Kevin Connauton          Samuel Groulx                                     10     1   2  2  

PowerPlay Forward 
   Center                   Left Wing                Right Wing               Time % Phy DF OF 
 1 Sam Carrick              Jordan LaVallee          Brandon Kozun            60     1   2  2  
 2 Emil Pettersson          Billy Sweat              Justin Shugg             40     1   2  2  

PowerPlay Defense
   Defense                  Defense                                           Time % Phy DF OF 
 1 Kevin Connauton          Samuel Groulx                                     60     1   2  2  
 2 Adam Clendening          Alex Plante                                       40     1   2  2  

Penalty Kill 4 Players Forward 
   Center                   Wing                     Time % Phy DF OF 
 1 Jordan LaVallee          Billy Sweat              60     1   2  2  
 2 Sam Carrick              Brandon Kozun            40     1   2  2  

Penalty Kill 4 Players Defense
   Defense                  Defense                  Time % Phy DF OF 
 1 Kevin Connauton          Samuel Groulx            60     1   2  2  
 2 Adam Clendening          Alex Plante              40     1   2  2  

Penalty Kill - 3 Players Forward 
   Forward                                           Time % Phy DF OF 
 1 Jordan LaVallee                                   60     1   2  2  
 2 Billy Sweat                                       40     1   2  2  

Penalty Kill - 3 Players Defense
   Defense                  Defense                  Time % Phy DF OF 
 1 Kevin Connauton          Samuel Groulx            60     1   2  2  
 2 Adam Clendening          Alex Plante              40     1   2  2  

4 vs 4 Forward 
   Center                   Wing                     Time % Phy DF OF 
 1 Jordan LaVallee          Billy Sweat              60     1   2  2  
 2 Sam Carrick              Brandon Kozun            40     1   2  2  

4 vs 4 Defense
   Defense                  Defense                  Time % Phy DF OF 
 1 Kevin Connauton          Samuel Groulx            60     1   2  2  
 2 Adam Clendening          Alex Plante              40     1   2  2  

Last Minutes Offensive
   Center                   Left Wing                Right Wing               Defense                  Defense                  
   Sam Carrick              Jordan LaVallee          Brandon Kozun            Kevin Connauton          Samuel Groulx            

Last Minutes Defensive
   Center                   Left Wing                Right Wing               Defense                  Defense                  
   Sam Carrick              Jordan LaVallee          Brandon Kozun            Kevin Connauton          Samuel Groulx            

Goaltenders
Starting : Chet Pickard             
Backup : Joacim Eriksson          

Extra Forwards
Normal : Phil Di Giuseppe, Logan MacMillan, William Carrier - PP : Phil Di Giuseppe, Logan MacMillan - PK : William Carrier
Extra Defensemen
Normal : David Shields, Jerome Gauthier-Leduc, Adam Clendening - PP : David Shields - PK : Jerome Gauthier-Leduc, Adam Clendening
Penalty Shots
Jordan LaVallee, Billy Sweat, Sam Carrick, Brandon Kozun, Logan MacMillan

Scratches
Thomas Gobeil (Healthy), Alex Henriksson (Healthy), Cole Ully (Healthy), Mario Lucia (Healthy), Zach Trotman (Bruised Left Foot Injury)
Robin Norell (Upper Body Injury), Oscar Dansk (Healthy)

% Time on Ice - Coutelas

Lines # - Real PCT - Wanted PCT - Time Play
Normal Forward
1 - 36% - 40% - 16:41
2 - 27% - 30% - 12:45
3 - 23% - 20% - 10:51
4 - 14% - 10% - 6:25
Normal Defense
1 - 37% - 40% - 17:07
2 - 28% - 30% - 13:07
3 - 22% - 20% - 10:11
4 - 13% - 10% - 6:17
PP Forward
1 - 63% - 60% - 2:50
2 - 38% - 40% - 1:42
PP Defense
1 - 58% - 60% - 2:38
2 - 42% - 40% - 1:54
PK Forward
1 - 76% - 60% - 6:38
2 - 24% - 40% - 2:08
PK Defense
1 - 67% - 60% - 5:50
2 - 33% - 40% - 2:56
PK3 Forward
1 - 0% - 60%
2 - 0% - 40%
PK3 Defense
1 - 0% - 60%
2 - 0% - 40%
44 Forward
1 - 0% - 60%
2 - 0% - 40%
44 Defense
1 - 0% - 60%
2 - 0% - 40%
Last Minute Offensive  - 0:00
Last Minute Defensive  - 0:00
Total
Forward - 60:00
Defense - 60:00

% Time on Ice - Ice Dragons

Lines # - Real PCT - Wanted PCT - Time Play
Normal Forward
1 - 33% - 40% - 15:24
2 - 28% - 30% - 12:55
3 - 26% - 20% - 11:56
4 - 14% - 10% - 6:27
Normal Defense
1 - 41% - 40% - 18:56
2 - 34% - 30% - 16:03
3 - 22% - 20% - 10:11
4 - 3% - 10% - 1:32
PP Forward
1 - 54% - 60% - 4:42
2 - 46% - 40% - 4:04
PP Defense
1 - 57% - 60% - 5:01
2 - 43% - 40% - 3:45
PK Forward
1 - 85% - 60% - 3:50
2 - 15% - 40% - 0:42
PK Defense
1 - 64% - 60% - 2:53
2 - 36% - 40% - 1:39
PK3 Forward
1 - 0% - 60%
2 - 0% - 40%
PK3 Defense
1 - 0% - 60%
2 - 0% - 40%
44 Forward
1 - 0% - 60%
2 - 0% - 40%
44 Defense
1 - 0% - 60%
2 - 0% - 40%
Last Minute Offensive  - 0:00
Last Minute Defensive  - 0:00
Total
Forward - 60:00
Defense - 60:00

Play-by-Play

1st period


0:01 of 1st period - Sam Carrick wins face-off versus Tanner Richard in neutral zone.
0:04 of 1st period - Oliver Bjorkstrand is hit by Brandon Kozun and loses puck.
0:31 of 1st period - Snap shot by Juraj Mikus.
0:31 of 1st period - Stopped by Chet Pickard without a rebound.
0:32 of 1st period - Mattias Janmark wins face-off versus Emil Pettersson in Ice Dragons zone.
1:22 of 1st period - David Shields is hit by Nick Mattson and loses puck.
2:21 of 1st period - Icing by Duncan Siemens.
2:22 of 1st period - Juraj Mikus wins face-off versus Sam Carrick in Coutelas zone.
2:35 of 1st period - Snap shot by Juraj Mikus.
2:35 of 1st period - Shot Blocked by Kevin Connauton.
3:30 of 1st period - Wrist shot by Brendan Lemieux.
3:30 of 1st period - Stopped by Chet Pickard without a rebound.
3:31 of 1st period - Tanner Richard wins face-off versus Theodor Blueger in Ice Dragons zone.
3:46 of 1st period - Wrist shot by Logan MacMillan.
3:46 of 1st period - Shot Misses the Net.
3:56 of 1st period - Mike Amadio is hit by Jordan LaVallee and loses puck.
4:27 of 1st period - Snap shot by Phil Di Giuseppe.
4:27 of 1st period - Shot Misses the Net.
4:37 of 1st period - Snap shot by Myles Bell.
4:37 of 1st period - Stopped by Chet Pickard with a rebound.
4:49 of 1st period - Snap shot by Myles Bell.
4:49 of 1st period - Stopped by Chet Pickard without a rebound.
4:50 of 1st period - Tanner Richard wins face-off versus Theodor Blueger in Ice Dragons zone.
4:57 of 1st period - Snap shot by Tanner Richard.
4:57 of 1st period - Shot Misses the Net.
5:15 of 1st period - Mike Amadio is hit by William Carrier.
5:52 of 1st period - Wrist shot by Jordan LaVallee.
5:52 of 1st period - Shot Misses the Net.
6:16 of 1st period - Wrist shot by Mattias Janmark.
6:16 of 1st period - Shot Misses the Net.
6:18 of 1st period - Snap shot by Mike Amadio.
6:18 of 1st period - Stopped by Chet Pickard without a rebound.
6:19 of 1st period - Emil Pettersson wins face-off versus Mike Amadio in Ice Dragons zone.
6:53 of 1st period - Emil Pettersson is hit by Duncan Siemens and loses puck.
7:00 of 1st period - Snap shot by Emil Pettersson.
7:00 of 1st period - Stopped by Joe Cannata with a rebound.
7:02 of 1st period - Wrist shot by Jerome Gauthier-Leduc.
7:02 of 1st period - Stopped by Joe Cannata with a rebound.
7:04 of 1st period - Snap shot by Billy Sweat.
7:04 of 1st period - Shot Misses the Net.
7:06 of 1st period - Slapshot by Billy Sweat.
7:06 of 1st period - Shot Blocked by Rhett Rakhshani.
7:08 of 1st period - Slapshot by David Shields.
7:08 of 1st period - Stopped by Joe Cannata without a rebound.
7:09 of 1st period - Sam Carrick wins face-off versus Mike Amadio in Coutelas zone.
7:16 of 1st period - Sam Carrick is hit by Dustin Kohn and loses puck.
7:35 of 1st period - Logan MacMillan is hit by Oliver Bjorkstrand and loses puck.
7:56 of 1st period - Slapshot by Kevin Connauton.
7:56 of 1st period - Deflect By Jordan LaVallee.
7:56 of 1st period - Shot Misses the Net.
7:56 of 1st period - Puck is out of play.
7:57 of 1st period - Jordan LaVallee wins face-off versus Juraj Mikus in Coutelas zone.
8:04 of 1st period - Wrist shot by Jordan LaVallee.
8:04 of 1st period - Stopped by Joe Cannata without a rebound.
8:05 of 1st period - Sam Carrick wins face-off versus Tanner Richard in Coutelas zone.
8:16 of 1st period - Wrist shot by Brandon Kozun.
8:16 of 1st period - Stopped by Joe Cannata without a rebound.
8:17 of 1st period - Sam Carrick wins face-off versus Tanner Richard in Coutelas zone.
8:24 of 1st period - Jordan LaVallee is hit by Tanner Richard and loses puck.
8:33 of 1st period - Snap shot by Tanner Richard.
8:33 of 1st period - Goal by Tanner Richard - Coutelas : 1 - Ice Dragons : 0.
8:34 of 1st period - Tanner Richard wins face-off versus Sam Carrick in neutral zone.
9:34 of 1st period - Wrist shot by Billy Sweat.
9:34 of 1st period - Goal by Billy Sweat - Coutelas : 1 - Ice Dragons : 1.
9:35 of 1st period - Tanner Richard wins face-off versus Sam Carrick in neutral zone.
9:37 of 1st period - Minor Penalty to Ben Harpur for Interference.
9:38 of 1st period - Sam Carrick wins face-off versus Tanner Richard in Coutelas zone.
9:42 of 1st period - Wrist shot by Sam Carrick.
9:42 of 1st period - Shot Misses the Net.
11:10 of 1st period - Jordan LaVallee is hit by Juraj Mikus and loses puck.
11:37 of 1st period - Penalty to Ben Harpur is over, Ben Harpur is back on ice.
11:51 of 1st period - Wrist shot by Logan MacMillan.
11:51 of 1st period - Stopped by Joe Cannata without a rebound.
11:52 of 1st period - Theodor Blueger wins face-off versus Juraj Mikus in Coutelas zone.
12:18 of 1st period - David Shields is hit by Myles Bell and loses puck.
12:42 of 1st period - Off-side.
12:43 of 1st period - Tanner Richard wins face-off versus Theodor Blueger in neutral zone.
13:14 of 1st period - Snap shot by Logan MacMillan.
13:14 of 1st period - Stopped by Joe Cannata with a rebound.
13:20 of 1st period - Slapshot by Dustin Kohn.
13:20 of 1st period - Shot Blocked by Alex Plante.
13:22 of 1st period - Slapshot by Dustin Kohn.
13:22 of 1st period - Stopped by Chet Pickard with a rebound.
13:45 of 1st period - Snap shot by Sam Carrick.
13:45 of 1st period - Stopped by Joe Cannata without a rebound.
13:46 of 1st period - Emil Pettersson wins face-off versus Tanner Richard in Coutelas zone.
13:51 of 1st period - Wrist shot by Billy Sweat.
13:51 of 1st period - Shot Misses the Net.
13:53 of 1st period - Slapshot by Samuel Groulx.
13:53 of 1st period - Stopped by Joe Cannata with a rebound.
13:55 of 1st period - Snap shot by Billy Sweat.
13:55 of 1st period - Shot Blocked by Oliver Bjorkstrand.
13:57 of 1st period - Snap shot by Emil Pettersson.
13:57 of 1st period - Shot Misses the Net.
14:35 of 1st period - Mike Amadio is hit by Juho Lammikko and loses puck.
14:47 of 1st period - Off-side.
14:48 of 1st period - Mikhail Grigorenko wins face-off versus Emil Pettersson in neutral zone.
14:57 of 1st period - Snap shot by Mikhail Grigorenko.
14:57 of 1st period - Goal by Mikhail Grigorenko - Coutelas : 2 - Ice Dragons : 1.
14:58 of 1st period - Oliver Bjorkstrand wins face-off versus Sam Carrick in neutral zone.
15:53 of 1st period - Wrist shot by Mattias Janmark.
15:53 of 1st period - Deflect By Kurtis Gabriel.
15:53 of 1st period - Shot Blocked by Kevin Connauton.
15:53 of 1st period - Puck is out of play.
15:54 of 1st period - Brandon Kozun wins face-off versus Tanner Richard in Ice Dragons zone.
16:07 of 1st period - Duncan Siemens is hit by Jordan LaVallee and loses puck.
16:20 of 1st period - Rhett Rakhshani is hit by Justin Shugg and loses puck.
16:53 of 1st period - Kurtis Gabriel is hit by Kevin Connauton and loses puck.
17:06 of 1st period - Kevin Connauton is hit by Nick Mattson and loses puck.
17:50 of 1st period - Brendan Lemieux is hit by Jordan LaVallee and loses puck.
18:13 of 1st period - Wrist shot by Jordan LaVallee.
18:13 of 1st period - Shot Misses the Net.
18:15 of 1st period - Wrist shot by Jordan LaVallee.
18:15 of 1st period - Shot Misses the Net.
18:17 of 1st period - Slapshot by Alex Plante.
18:17 of 1st period - Shot Blocked by Mike Reilly.
18:19 of 1st period - Slapshot by Alex Plante.
18:19 of 1st period - Stopped by Joe Cannata with a rebound.
18:23 of 1st period - Slapshot by Jordan LaVallee.
18:23 of 1st period - Shot Blocked by Mike Amadio.
19:14 of 1st period - Wrist shot by Mattias Janmark.
19:14 of 1st period - Stopped by Chet Pickard without a rebound.
19:15 of 1st period - Tanner Richard wins face-off versus Emil Pettersson in Ice Dragons zone.
19:16 of 1st period - Snap shot by Teemu Pulkkinen.
19:16 of 1st period - Stopped by Chet Pickard with a rebound.
19:18 of 1st period - Snap shot by Ben Harpur.
19:18 of 1st period - Stopped by Chet Pickard without a rebound.
19:19 of 1st period - Tanner Richard wins face-off versus Emil Pettersson in Ice Dragons zone.
19:24 of 1st period - Snap shot by Tanner Richard.
19:24 of 1st period - Shot Misses the Net.
19:26 of 1st period - Slapshot by Teemu Pulkkinen.
19:26 of 1st period - Shot Blocked by Samuel Groulx.
19:30 of 1st period - Wrist shot by Teemu Pulkkinen.
19:30 of 1st period - Deflect By Tanner Richard.
19:30 of 1st period - Stopped by Chet Pickard with a rebound.
19:32 of 1st period - Snap shot by Tanner Richard.
19:32 of 1st period - Stopped by Chet Pickard without a rebound.
19:33 of 1st period - Theodor Blueger wins face-off versus Tanner Richard in Ice Dragons zone.
19:40 of 1st period - Snap shot by Teemu Pulkkinen.
19:40 of 1st period - Stopped by Chet Pickard without a rebound.
19:41 of 1st period - Theodor Blueger wins face-off versus Tanner Richard in Ice Dragons zone.
Goals for this period are 2 for Coutelas vs 1 for Ice Dragons.
Shots for this period are 14 for Coutelas vs 11 for Ice Dragons.

2nd period


0:01 of 2nd period - Sam Carrick wins face-off versus Tanner Richard in neutral zone.
0:04 of 2nd period - Wrist shot by Brandon Kozun.
0:04 of 2nd period - Stopped by Joe Cannata with a rebound.
0:37 of 2nd period - Snap shot by Teemu Pulkkinen.
0:37 of 2nd period - Stopped by Chet Pickard without a rebound.
0:38 of 2nd period - Emil Pettersson wins face-off versus Juraj Mikus in Ice Dragons zone.
0:38 of 2nd period - Emil Pettersson is hit by Juraj Mikus.
0:46 of 2nd period - Snap shot by Justin Shugg.
0:46 of 2nd period - Goal by Justin Shugg - Coutelas : 2 - Ice Dragons : 2.
0:47 of 2nd period - Sam Carrick wins face-off versus Tanner Richard in neutral zone.
1:01 of 2nd period - Snap shot by Tanner Richard.
1:01 of 2nd period - Stopped by Chet Pickard without a rebound.
1:02 of 2nd period - Jordan LaVallee wins face-off versus Rhett Rakhshani in Ice Dragons zone.
1:08 of 2nd period - Off-side.
1:09 of 2nd period - Juraj Mikus wins face-off versus Sam Carrick in neutral zone.
1:38 of 2nd period - Wrist shot by Oliver Bjorkstrand.
1:38 of 2nd period - Stopped by Chet Pickard with a rebound.
1:40 of 2nd period - Slapshot by Ben Harpur.
1:40 of 2nd period - Shot Misses the Net.
2:45 of 2nd period - Minor Penalty to Rhett Rakhshani for Interference.
2:46 of 2nd period - Sam Carrick wins face-off versus Tanner Richard in Coutelas zone.
2:46 of 2nd period - Wrist shot by Brandon Kozun.
2:46 of 2nd period - Goal by Brandon Kozun - Coutelas : 2 - Ice Dragons : 3.
2:47 of 2nd period - Tanner Richard wins face-off versus Sam Carrick in neutral zone.
2:56 of 2nd period - Snap shot by Teemu Pulkkinen.
2:56 of 2nd period - Stopped by Chet Pickard with a rebound.
2:58 of 2nd period - Snap shot by Teemu Pulkkinen.
2:58 of 2nd period - Shot Misses the Net.
3:00 of 2nd period - Snap shot by Tanner Richard.
3:00 of 2nd period - Stopped by Chet Pickard with a rebound.
3:02 of 2nd period - Snap shot by Tanner Richard.
3:02 of 2nd period - Stopped by Chet Pickard without a rebound.
3:03 of 2nd period - Juraj Mikus wins face-off versus Emil Pettersson in Ice Dragons zone.
3:15 of 2nd period - Icing by Dustin Kohn.
3:16 of 2nd period - Jordan LaVallee wins face-off versus Juraj Mikus in Coutelas zone.
3:17 of 2nd period - Wrist shot by Brandon Kozun.
3:17 of 2nd period - Shot Misses the Net.
3:29 of 2nd period - Snap shot by Sam Carrick.
3:29 of 2nd period - Stopped by Joe Cannata with a rebound.
3:43 of 2nd period - Snap shot by Dustin Kohn.
3:43 of 2nd period - Stopped by Chet Pickard with a rebound.
3:48 of 2nd period - Off-side.
3:49 of 2nd period - Tanner Richard wins face-off versus Sam Carrick in neutral zone.
5:16 of 2nd period - Slapshot by Jordan LaVallee.
5:16 of 2nd period - Shot Misses the Net.
5:18 of 2nd period - Minor Penalty to Dustin Kohn for Hooking.
5:19 of 2nd period - Jordan LaVallee wins face-off versus Tanner Richard in Coutelas zone.
5:56 of 2nd period - Wrist shot by Emil Pettersson.
5:56 of 2nd period - Shot Misses the Net.
6:17 of 2nd period - Wrist shot by Brendan Lemieux.
6:17 of 2nd period - Stopped by Chet Pickard without a rebound.
6:18 of 2nd period - Juraj Mikus wins face-off versus Jordan LaVallee in Ice Dragons zone.
7:18 of 2nd period - Penalty to Dustin Kohn is over, Dustin Kohn is back on ice.
7:31 of 2nd period - Dustin Kohn is hit by Chris Wagner and loses puck.
7:38 of 2nd period - Wrist shot by Chris Wagner.
7:38 of 2nd period - Stopped by Joe Cannata with a rebound.
8:27 of 2nd period - Slapshot by Emil Pettersson.
8:27 of 2nd period - Shot Misses the Net.
9:07 of 2nd period - Adam Clendening is hit by Mikhail Grigorenko.
9:08 of 2nd period - Adam Clendening from Ice Dragons is injured at 9:08 of 2nd period (Left Forearm).
9:09 of 2nd period - Sam Carrick wins face-off versus Tanner Richard in Ice Dragons zone.
9:23 of 2nd period - Minor Penalty to Tanner Richard for Interference.
9:24 of 2nd period - Sam Carrick wins face-off versus Patrick Russell in Coutelas zone.
9:24 of 2nd period - Wrist shot by Jordan LaVallee.
9:24 of 2nd period - Stopped by Joe Cannata with a rebound.
11:08 of 2nd period - Emil Pettersson is hit by Dustin Kohn and loses puck.
11:23 of 2nd period - Penalty to Tanner Richard is over, Tanner Richard is back on ice.
11:29 of 2nd period - Slapshot by Dustin Kohn.
11:29 of 2nd period - Deflect By Tanner Richard.
11:29 of 2nd period - Stopped by Chet Pickard with a rebound.
11:39 of 2nd period - Wrist shot by Tanner Richard.
11:39 of 2nd period - Shot Misses the Net.
11:43 of 2nd period - Snap shot by Tanner Richard.
11:43 of 2nd period - Stopped by Chet Pickard with a rebound.
11:45 of 2nd period - Snap shot by Myles Bell.
11:45 of 2nd period - Stopped by Chet Pickard with a rebound.
11:47 of 2nd period - Slapshot by Dustin Kohn.
11:47 of 2nd period - Shot Misses the Net.
11:57 of 2nd period - Snap shot by Myles Bell.
11:57 of 2nd period - Deflect By Billy Sweat.
11:57 of 2nd period - Stopped by Chet Pickard with a rebound.
12:11 of 2nd period - Slapshot by Tanner Richard.
12:11 of 2nd period - Shot Blocked by Emil Pettersson.
12:13 of 2nd period - Slapshot by Dustin Kohn.
12:13 of 2nd period - Shot Misses the Net.
12:17 of 2nd period - Slapshot by Dustin Kohn.
12:17 of 2nd period - Stopped by Chet Pickard without a rebound.
12:18 of 2nd period - Sam Carrick wins face-off versus Juraj Mikus in Ice Dragons zone.
13:44 of 2nd period - Patrick Sieloff is hit by Alex Plante.
13:45 of 2nd period - Patrick Sieloff from Coutelas is injured at 13:45 of 2nd period (Back Spasms).
13:46 of 2nd period - Tanner Richard wins face-off versus Sam Carrick in Coutelas zone.
14:11 of 2nd period - Justin Shugg is hit by Rhett Rakhshani and loses puck.
15:27 of 2nd period - Jordan LaVallee is hit by Mattias Janmark and loses puck.
15:40 of 2nd period - Wrist shot by Mattias Janmark.
15:40 of 2nd period - Shot Misses the Net.
15:54 of 2nd period - Jerome Gauthier-Leduc is hit by Nikita Scherbak and loses puck.
16:11 of 2nd period - Slapshot by Alex Plante.
16:11 of 2nd period - Deflect By Billy Sweat.
16:11 of 2nd period - Shot Hit the Post.
16:11 of 2nd period - Puck is out of play.
16:12 of 2nd period - Emil Pettersson wins face-off versus Tanner Richard in Coutelas zone.
16:13 of 2nd period - Slapshot by Billy Sweat.
16:13 of 2nd period - Deflect By Emil Pettersson.
16:13 of 2nd period - Stopped by Joe Cannata with a rebound.
16:15 of 2nd period - Snap shot by Kevin Connauton.
16:15 of 2nd period - Stopped by Joe Cannata with a rebound.
16:17 of 2nd period - Slapshot by Justin Shugg.
16:17 of 2nd period - Stopped by Joe Cannata with a rebound.
16:19 of 2nd period - Wrist shot by Justin Shugg.
16:19 of 2nd period - Stopped by Joe Cannata without a rebound.
16:20 of 2nd period - Sam Carrick wins face-off versus Tanner Richard in Coutelas zone.
17:11 of 2nd period - Snap shot by Billy Sweat.
17:11 of 2nd period - Goal by Billy Sweat - Coutelas : 2 - Ice Dragons : 4.
17:12 of 2nd period - Tanner Richard wins face-off versus Justin Shugg in neutral zone.
17:41 of 2nd period - Off-side.
17:42 of 2nd period - Juraj Mikus wins face-off versus Sam Carrick in neutral zone.
17:53 of 2nd period - Snap shot by Rhett Rakhshani.
17:53 of 2nd period - Shot Blocked by Jordan LaVallee.
17:55 of 2nd period - Slapshot by Duncan Siemens.
17:55 of 2nd period - Shot Misses the Net.
18:22 of 2nd period - Slapshot by Juraj Mikus.
18:22 of 2nd period - Shot Misses the Net.
18:31 of 2nd period - Minor Penalty to Brandon Kozun for Interference.
18:32 of 2nd period - Jordan LaVallee wins face-off versus Tanner Richard in Ice Dragons zone.
18:57 of 2nd period - Ben Harpur is hit by Billy Sweat.
Goals for this period are 0 for Coutelas vs 3 for Ice Dragons.
Shots for this period are 13 for Coutelas vs 11 for Ice Dragons.

3rd period


0:01 of 3rd period - Jordan LaVallee wins face-off versus Tanner Richard in neutral zone.
0:12 of 3rd period - Samuel Groulx is hit by Teemu Pulkkinen and loses puck.
0:31 of 3rd period - Penalty to Brandon Kozun is over, Brandon Kozun is back on ice.
0:48 of 3rd period - Wrist shot by Logan MacMillan.
0:48 of 3rd period - Stopped by Joe Cannata with a rebound.
0:50 of 3rd period - Snap shot by Chris Wagner.
0:50 of 3rd period - Shot Misses the Net.
0:52 of 3rd period - Slapshot by Theodor Blueger.
0:52 of 3rd period - Shot Misses the Net.
1:06 of 3rd period - Snap shot by Mike Reilly.
1:06 of 3rd period - Stopped by Chet Pickard without a rebound.
1:07 of 3rd period - Sam Carrick wins face-off versus Mikhail Grigorenko in Ice Dragons zone.
1:22 of 3rd period - Ben Harpur is hit by Sam Carrick.
1:34 of 3rd period - Wrist shot by Chris Wagner.
1:34 of 3rd period - Deflect By Theodor Blueger.
1:34 of 3rd period - Shot Blocked by Ben Harpur.
1:34 of 3rd period - Puck is out of play.
1:35 of 3rd period - Tanner Richard wins face-off versus Theodor Blueger in Coutelas zone.
1:40 of 3rd period - Slapshot by Theodor Blueger.
1:40 of 3rd period - Stopped by Joe Cannata with a rebound.
1:42 of 3rd period - Slapshot by Alex Plante.
1:42 of 3rd period - Stopped by Joe Cannata with a rebound.
1:56 of 3rd period - Minor Penalty to Duncan Siemens for Roughing.
1:57 of 3rd period - Teemu Pulkkinen wins face-off versus Sam Carrick in Coutelas zone.
2:03 of 3rd period - Icing by Samuel Groulx.
2:04 of 3rd period - Tanner Richard wins face-off versus Sam Carrick in Ice Dragons zone.
2:19 of 3rd period - Snap shot by Tanner Richard.
2:19 of 3rd period - Stopped by Chet Pickard with a rebound.
2:29 of 3rd period - Wrist shot by Sam Carrick.
2:29 of 3rd period - Shot Misses the Net.
2:31 of 3rd period - Slapshot by Kevin Connauton.
2:31 of 3rd period - Stopped by Joe Cannata without a rebound.
2:32 of 3rd period - Emil Pettersson wins face-off versus Juraj Mikus in Coutelas zone.
2:37 of 3rd period - Wrist shot by Billy Sweat.
2:37 of 3rd period - Stopped by Joe Cannata without a rebound.
2:38 of 3rd period - Emil Pettersson wins face-off versus Tanner Richard in Coutelas zone.
2:45 of 3rd period - Wrist shot by Billy Sweat.
2:45 of 3rd period - Goal by Billy Sweat - Coutelas : 2 - Ice Dragons : 5.
2:46 of 3rd period - Sam Carrick wins face-off versus Tanner Richard in neutral zone.
3:38 of 3rd period - Snap shot by Theodor Blueger.
3:38 of 3rd period - Deflect By Chris Wagner.
3:38 of 3rd period - Stopped by Joe Cannata with a rebound.
3:40 of 3rd period - Slapshot by David Shields.
3:40 of 3rd period - Shot Blocked by Ben Harpur.
3:42 of 3rd period - Snap shot by David Shields.
3:42 of 3rd period - Stopped by Joe Cannata with a rebound.
4:00 of 3rd period - Slapshot by Dustin Kohn.
4:00 of 3rd period - Stopped by Chet Pickard with a rebound.
4:02 of 3rd period - Minor Penalty to Alex Plante for Tripping.
4:03 of 3rd period - Tanner Richard wins face-off versus Jordan LaVallee in Ice Dragons zone.
4:08 of 3rd period - Slapshot by Oliver Bjorkstrand.
4:08 of 3rd period - Deflect By Teemu Pulkkinen.
4:08 of 3rd period - Shot Misses the Net.
4:08 of 3rd period - Puck is out of play.
4:09 of 3rd period - Tanner Richard wins face-off versus Jordan LaVallee in Ice Dragons zone.
4:12 of 3rd period - Slapshot by Tanner Richard.
4:12 of 3rd period - Stopped by Chet Pickard without a rebound.
4:13 of 3rd period - Jordan LaVallee wins face-off versus Tanner Richard in Ice Dragons zone.
4:28 of 3rd period - Wrist shot by Teemu Pulkkinen.
4:28 of 3rd period - Stopped by Chet Pickard with a rebound.
4:30 of 3rd period - Snap shot by Mike Reilly.
4:30 of 3rd period - Stopped by Chet Pickard without a rebound.
4:31 of 3rd period - Juraj Mikus wins face-off versus Jordan LaVallee in Ice Dragons zone.
4:36 of 3rd period - Slapshot by Juraj Mikus.
4:36 of 3rd period - Goal by Juraj Mikus - Coutelas : 3 - Ice Dragons : 5.
4:37 of 3rd period - Tanner Richard wins face-off versus Sam Carrick in neutral zone.
4:55 of 3rd period - Minor Penalty to Dustin Kohn for Delaying the game.
4:56 of 3rd period - Tanner Richard wins face-off versus Sam Carrick in Coutelas zone.
5:34 of 3rd period - Duncan Siemens is hit by Alex Plante and loses puck.
5:51 of 3rd period - Teemu Pulkkinen is hit by Jordan LaVallee.
6:43 of 3rd period - Icing by Billy Sweat.
6:44 of 3rd period - Sam Carrick wins face-off versus Tanner Richard in Ice Dragons zone.
6:55 of 3rd period - Penalty to Dustin Kohn is over, Dustin Kohn is back on ice.
7:03 of 3rd period - Slapshot by Nick Mattson.
7:03 of 3rd period - Stopped by Chet Pickard without a rebound.
7:04 of 3rd period - Theodor Blueger wins face-off versus Mike Amadio in Ice Dragons zone.
7:13 of 3rd period - Wrist shot by Logan MacMillan.
7:13 of 3rd period - Deflect By Duncan Siemens.
7:13 of 3rd period - Shot Misses the Net.
7:13 of 3rd period - Puck is out of play.
7:14 of 3rd period - Sam Carrick wins face-off versus Tanner Richard in Coutelas zone.
7:15 of 3rd period - Snap shot by Jordan LaVallee.
7:15 of 3rd period - Shot Misses the Net.
7:38 of 3rd period - Off-side.
7:39 of 3rd period - Emil Pettersson wins face-off versus Juraj Mikus in neutral zone.
7:46 of 3rd period - Justin Shugg is hit by Brendan Lemieux.
7:49 of 3rd period - Off-side.
7:50 of 3rd period - Tanner Richard wins face-off versus Sam Carrick in neutral zone.
7:52 of 3rd period - Dustin Kohn is hit by Sam Carrick and loses puck.
8:15 of 3rd period - Billy Sweat is hit by Ben Harpur and loses puck.
8:45 of 3rd period - Slapshot by Myles Bell.
8:45 of 3rd period - Shot Misses the Net.
8:47 of 3rd period - Snap shot by Nick Mattson.
8:47 of 3rd period - Stopped by Chet Pickard with a rebound.
8:49 of 3rd period - Slapshot by Nick Mattson.
8:49 of 3rd period - Shot Blocked by Samuel Groulx.
9:09 of 3rd period - Wrist shot by Brandon Kozun.
9:09 of 3rd period - Stopped by Joe Cannata with a rebound.
9:14 of 3rd period - Off-side.
9:15 of 3rd period - Mike Amadio wins face-off versus Emil Pettersson in neutral zone.
9:40 of 3rd period - Teemu Pulkkinen is hit by Jordan LaVallee and loses puck.
10:00 of 3rd period - Dustin Kohn is hit by David Shields.
10:36 of 3rd period - Mike Reilly is hit by Brandon Kozun.
12:00 of 3rd period - Mike Amadio is hit by Theodor Blueger and loses puck.
12:59 of 3rd period - Snap shot by Mikhail Grigorenko.
12:59 of 3rd period - Shot Misses the Net.
13:01 of 3rd period - Wrist shot by Nikita Scherbak.
13:01 of 3rd period - Deflect By Mikhail Grigorenko.
13:01 of 3rd period - Shot Misses the Net.
13:01 of 3rd period - Puck is out of play.
13:02 of 3rd period - Logan MacMillan wins face-off versus Tanner Richard in Ice Dragons zone.
13:02 of 3rd period - Logan MacMillan is hit by Dustin Kohn.
13:10 of 3rd period - Teemu Pulkkinen is hit by Logan MacMillan and loses puck.
13:21 of 3rd period - Ben Harpur is hit by Sam Carrick and loses puck.
15:17 of 3rd period - Mikhail Grigorenko is hit by Emil Pettersson.
16:41 of 3rd period - Minor Penalty to Logan MacMillan for Cross-checking.
16:42 of 3rd period - Billy Sweat wins face-off versus Tanner Richard in Ice Dragons zone.
16:57 of 3rd period - Slapshot by Dustin Kohn.
16:57 of 3rd period - Deflect By Oliver Bjorkstrand.
16:57 of 3rd period - Stopped by Chet Pickard with a rebound.
17:54 of 3rd period - Wrist shot by William Carrier.
17:54 of 3rd period - Shot Misses the Net.
18:41 of 3rd period - Penalty to Logan MacMillan is over, Logan MacMillan is back on ice.
18:44 of 3rd period - Snap shot by Brandon Kozun.
18:44 of 3rd period - Shot Misses the Net.
18:46 of 3rd period - Wrist shot by Brandon Kozun.
18:46 of 3rd period - Stopped by Joe Cannata without a rebound.
18:47 of 3rd period - Theodor Blueger wins face-off versus Mike Amadio in Coutelas zone.
18:48 of 3rd period - Wrist shot by Logan MacMillan.
18:48 of 3rd period - Stopped by Joe Cannata without a rebound.
18:49 of 3rd period - Mike Amadio wins face-off versus Theodor Blueger in Coutelas zone.
19:14 of 3rd period - Tanner Richard is hit by Juho Lammikko.
19:36 of 3rd period - Kevin Connauton is hit by Tanner Richard and loses puck.
19:51 of 3rd period - Snap shot by Brandon Kozun.
19:51 of 3rd period - Stopped by Joe Cannata with a rebound.
Goals for this period are 1 for Coutelas vs 1 for Ice Dragons.
Shots for this period are 10 for Coutelas vs 12 for Ice Dragons.